Map: Ruins of Seras

Players

MCanning - Winner!

  • Race: Protoss Protoss
  • League: Grandmaster

Trussell

  • Race: Zerg Zerg
  • League: Grandmaster

VOD

http://www.twitch.tv/mcanning/v/30690643

Description

Time

  • Played on: Dec. 19, 2015, 5:42 a.m.
  • Length: 9:58
Show
View Real Time Build Order
Export as new Build Order

MCanning Protoss - Winner!

Build Orders: Nexus First 

Get SALT Encoding   

  12  0:01  Probe (Chrono Boost)  
  13  0:11  Probe (Chrono Boost)  
  14  0:20  Pylon  
  14  0:23  Probe (Chrono Boost)  
  15  0:38  Probe (Chrono Boost)  
  16  0:49  Probe (Chrono Boost)  
  17  0:59  Nexus  
  17  1:09  Gateway  
  17  1:13  Probe (Chrono Boost)  
  18  1:24  Probe (Chrono Boost)  
  19  1:25  Assimilator  
  19  1:29  Assimilator  
  19  1:34  Probe (Chrono Boost)  
  20  1:45  Probe (Chrono Boost)  
  21  1:52  Pylon  
  21  1:55  Probe (Chrono Boost)  
  22  2:06  Probe (Chrono Boost)  
  23  2:12  Cybernetics Core  
  23  2:14  Probe (Chrono Boost)  
  24  2:16  Probe (Chrono Boost)  
  25  2:24  Probe (Chrono Boost)  
  25  2:27  Probe (Chrono Boost)  
  27  2:35  Probe (Chrono Boost)  
  28  2:39  Probe (Chrono Boost)  
  29  2:45  Probe (Chrono Boost), Pylon  
  29  2:49  Probe (Chrono Boost)  
  31  2:52  Stalker  
  31  2:54  Warp Gate  
  31  2:56  Mothership Core (Chrono Boost)  
  35  3:00  Probe (Chrono Boost)  
  36  3:10  Probe (Chrono Boost)  
  37  3:15  Probe (Chrono Boost)  
  38  3:21  Probe (Chrono Boost)  
  38  3:25  Probe (Chrono Boost)  
  40  3:31  Probe (Chrono Boost)  
  40  3:32  Sentry  
  43  3:36  Probe (Chrono Boost)  
  43  3:38  Nexus  
  43  3:39  Pylon  
  44  3:42  Probe (Chrono Boost), Pylon  
  45  3:51  Probe (Chrono Boost)  
  45  3:54  Gateway  
  46  3:57  Gateway  
  46  3:59  Sentry, Gateway  
  48  4:03  Probe x2 (Chrono Boost)  
  50  4:11  Robotics Facility  
  50  4:13  Probe x2 (Chrono Boost)  
  52  4:19  Assimilator  
  52  4:24  Probe x2 (Chrono Boost), Assimilator  
  54  4:25  Sentry  
  56  4:34  Probe (Chrono Boost)  
  56  4:35  Probe (Chrono Boost)  
  58  4:40  Forge  
  58  4:45  Probe x2 (Chrono Boost)  
  60  4:50  Probe (Chrono Boost)  
  61  4:54  Probe (Chrono Boost)  
  61  4:58  Observer (Chrono Boost)  
  63  5:03  Twilight Council  
  63  5:05  Probe, Pylon, Gateway  
  63  5:06  Gateway  
  64  5:09  Probe  
  64  5:10  Probe  
  66  5:15  Protoss Ground Weapons Level 1 (Chrono Boost)  
  66  5:16  Observer  
  66  5:17  Robotics Bay  
  67  5:22  Probe x3 (Chrono Boost), Pylon  
  70  5:29  Adept  
  70  5:30  Adept x2  
  70  5:33  Probe (Chrono Boost)  
  77  5:38  Probe (Chrono Boost)  
  77  5:41  Warp Prism (Chrono Boost)  
  80  5:45  Blink  
  80  5:46  Dark Shrine  
  80  5:49  Probe  
  80  5:52  Gateway  
  80  5:54  Gateway  
  81  5:58  Stalker x2, Probe  
  81  5:59  Probe  
  81  6:01  Assimilator  
  81  6:03  Probe  
  87  6:09  Probe  
  89  6:13  Probe x2, Disruptor (Chrono Boost)  
  89  6:15  Assimilator  
  89  6:18  Pylon  
  94  6:19  Probe  
  94  6:22  Stalker x2  
  94  6:25  Probe  
  100  6:29  Pylon  
  100  6:33  Probe  
  100  6:39  Probe  
  102  6:40  Probe  
  102  6:44  Disruptor (Chrono Boost)  
  106  6:48  Probe  
  101  6:58  Probe  
  101  6:59  Dark Templar  
  101  7:00  Dark Templar  
  106  7:02  Dark Templar  
  106  7:06  Dark Templar  
  106  7:07  Zealot x3  
  106  7:08  Probe  
  117  7:18  Probe  
  117  7:19  Gateway  
  117  7:21  Gateway  
  117  7:22  Pylon  
  116  7:26  Pylon  
  116  7:28  Pylon  
  116  7:30  Pylon  
  116  7:39  Disruptor (Chrono Boost)  
  116  7:42  Dark Templar x3  
  123  7:45  Zealot x2  
  121  8:00  Nexus  
  121  8:03  Pylon  
  121  8:05  Pylon  
  115  8:15  Stalker  
  115  8:16  Stalker x4  
  115  8:17  Stalker x2  
  129  8:22  Gateway  
  129  8:24  Photon Cannon x2  
  129  8:25  Gateway  
  127  8:28  Gateway, Photon Cannon  
  127  8:29  Disruptor (Chrono Boost)  
  127  8:30  Gateway  
  127  8:31  Assimilator  
  130  8:35  Assimilator  
  128  8:49  Stalker x3  
  128  8:50  Stalker x3  
  128  8:51  Stalker x3  
  146  8:56  Probe  
  147  9:04  Photon Cannon  
  147  9:06  Probe  
  148  9:10  Pylon  
  148  9:12  Probe, Pylon  
  148  9:13  Pylon  
  148  9:15  Probe  
  150  9:27  Stalker, Archon  
  150  9:28  Stalker x6  
  150  9:29  Stalker x2  
  168  9:34  Dark Templar x2  
  172  9:40  Archon  
  172  9:42  Probe  
Show
View Real Time Build Order
Export as new Build Order

Trussell Zerg 

Build Orders: Hatch First 

Get SALT Encoding   

  12  0:01  Drone  
  13  0:14  Overlord  
  13  0:19  Drone  
  14  0:33  Drone x2  
  16  0:36  Drone  
  17  0:55  Hatchery  
  16  1:10  Spawning Pool  
  15  1:12  Drone  
  15  1:16  Drone  
  17  1:42  Hatchery  
  16  1:57  Queen  
  16  1:59  Drone x3  
  21  2:08  Queen  
  21  2:13  Zergling x2  
  24  2:16  Drone  
  24  2:19  Drone  
  26  2:27  Overlord  
  26  2:30  Drone  
  26  2:31  Drone  
  28  2:43  Overlord  
  28  2:47  Drone, Queen  
  31  2:52  Drone  
  31  2:53  Drone  
  31  2:55  Drone  
  34  3:01  Queen  
  36  3:07  Drone x2  
  38  3:15  Drone x4  
  42  3:26  Drone x5  
  47  3:27  Drone  
  47  3:35  Extractor  
  47  3:37  Drone, Extractor  
  47  3:38  Drone  
  47  3:39  Drone  
  48  3:42  Overlord  
  48  3:46  Queen  
  50  3:54  Overlord  
  50  4:07  Drone x6  
  50  4:08  Drone x2  
  50  4:09  Overlord x2  
  58  4:10  Overlord  
  58  4:14  Zergling x2  
  58  4:15  Zergling x4  
  58  4:16  Drone x2  
  63  4:23  Drone  
  64  4:25  Drone x2  
  64  4:28  Overlord  
  64  4:29  Drone x2  
  68  4:33  Roach Warren  
  68  4:34  Metabolic Boost  
  68  4:35  Evolution Chamber  
  68  4:38  Extractor  
  65  4:42  Overlord  
  65  4:44  Spore Crawler, Drone x3  
  67  4:46  Drone  
  67  4:47  Drone  
  67  4:48  Extractor  
  67  4:51  Overlord  
  68  4:53  Lair  
  68  4:57  Drone x2  
  68  4:58  Drone  
  71  5:08  Overlord  
  71  5:09  Drone x5  
  71  5:12  Zerg Ground Armor Level 1  
  76  5:14  Overlord  
  76  5:16  Drone x2  
  76  5:18  Extractor  
  76  5:19  Extractor  
  76  5:22  Overlord  
  76  5:24  Roach x3  
  76  5:27  Overlord  
  82  5:31  Overlord  
  81  5:43  Drone  
  81  5:46  Hatchery  
  81  5:47  Overlord  
  81  5:49  Drone x2  
  83  5:50  Drone x2  
  83  5:51  Glial Reconstitution  
  83  5:54  Drone  
  83  5:55  Overlord  
  83  5:56  Roach x2  
  90  5:57  Hydralisk Den  
  90  5:58  Roach  
  91  6:08  Roach x3  
  91  6:09  Roach x3  
  102  6:11  Burrow  
  102  6:15  Spore Crawler  
  102  6:16  Roach x2  
  105  6:22  Pneumatized Carapace  
  105  6:23  Roach  
  105  6:24  Roach x2  
  111  6:35  Roach x2  
  111  6:36  Zergling x2  
  111  6:37  Zergling x14  
  111  6:38  Zergling x2  
  124  6:40  Hydralisk  
  125  6:55  Hydralisk x5  
  125  6:58  Zergling x2  
  136  7:02  Infestation Pit  
  136  7:04  Drone x3  
  136  7:05  Drone  
  136  7:06  Zerg Missile Weapons Level 1  
  139  7:13  Zergling x6  
  142  7:22  Overlord  
  142  7:26  Overlord  
  142  7:27  Ravager x6  
  142  7:29  Zergling x10  
  156  7:30  Zergling x6  
  151  7:41  Spore Crawler  
  151  7:43  Spore Crawler  
  143  7:46  Drone x4  
  140  7:53  Overseer  
  140  7:54  Overseer x2  
  140  7:55  Lair  
  138  7:59  Drone  
  138  8:00  Overlord  
  138  8:04  Drone x2  
  138  8:05  Drone  
  140  8:07  Spore Crawler  
  139  8:16  Hatchery  
  138  8:21  Drone  
  138  8:22  Drone x6  
  138  8:23  Overlord  
  142  8:28  Drone  
  142  8:33  Drone  
  144  8:35  Roach  
  143  8:44  Spine Crawler  
  143  8:45  Spine Crawler  
  143  8:48  Spore Crawler  
  139  8:53  Hatchery  
  139  8:54  Roach x4  
  146  8:56  Queen  
  146  8:59  Drone x2  
  146  9:00  Drone  
  146  9:01  Queen  
  153  9:08  Hydralisk Den  
  153  9:09  Drone  
  153  9:22  Spore Crawler  
  153  9:23  Spine Crawler  
  151  9:28  Roach x5  
  151  9:29  Roach x4  
Tags
 
Add a new tag
Caveats
  • Supply blocks, unpowered buildings, or Contaminate may cause inaccurate times.
  • Supply counts are checked every 10 seconds.